Mourne, chaotic male orcish Priest ---- ---... |..... --.....-- |.......---- --..........- - |........... ---. --........... |.....--......^.... -...............e..- ..........+......... ..........*....-- ............| ........-- -......| --..().-| |...G@..| |..--..-- --- ---- Mourne the Acolyte Experience level: 3 Strength: 14 Dexterity: 13 Constitution: 14 Intelligence: 10 Wisdom: 15 Charisma: 9 Health: 0(22) Energy: 34(34) Def: 5 Gold: 240 Moves: 1278 Dungeon seed: wPLxH2npN17tI55- Game ID: Mourne_1520694298 Your Inventory: Coins $ - 240 gold pieces Weapons a - a blessed +1 mace (weapon in hand) Armor e - an uncursed +0 robe (being worn) n - an uncursed +0 orcish shield (being worn) r - an uncursed +0 pair of iron shoes (being worn) Comestibles c - 2 uncursed cloves of garlic d - 2 uncursed sprigs of wolfsbane i - 2 uncursed slime molds j - an uncursed egg k - an uncursed food ration Scrolls q - an uncursed scroll of enchant weapon Potions b - 4 potions of holy water l - an uncursed potion of extra healing Tools h - an uncursed oil lamp (0:1085) Spells and supernatural/magical abilities: Name Level Category Fail Memory I - identify 2 divination 90% 98% O - create monster 2 clerical 59% 98% W - pray for help -- divine ? -- X - turn undead -- divine ? -- Your skills at the end: Fighting Skills wands [Basic] Weapon Skills mace [Basic] Spellcasting Skills clerical spells [Basic] Final Attributes: You were cold resistant. You were immune to poison. You had infravision. You were slow. You are dead. Vanquished creatures: a dwarf a giant rat a cave spider a brown mold 4 gnomes 3 geckos 2 jackals a kobold a sewer rat a grid bug 3 lichens 5 newts 24 creatures vanquished. Voluntary challenges: You were an atheist. You used a wielded weapon 24 times, starting on turn 196. You read items or engraved 9 times, starting on turn 8. You never genocided any monsters. You never polymorphed an object. You never changed form. You used no wishes. You never split a pudding. You never wrote Elbereth's name. You never violated your personal moral code. Dungeon overview: The Dungeons of Doom: levels 1 to 5 Level 1 a long staircase Level 2 some fountains Level 3 a general store, a vault Level 4 a fountain stairs to The Gnomish Mines Level 5 The Gnomish Mines: Level 5 <- You were here stairs to The Dungeons of Doom History has recorded: On T:1 you entered the Dungeons of Doom to retrieve the Amulet of Yendor! On T:154 you reached level 2 of The Dungeons of Doom. On T:519 you reached level 3 of The Dungeons of Doom. On T:873 you reached level 4 of The Dungeons of Doom. On T:874 you advanced to experience level 2. On T:1064 you reached level 5 of The Dungeons of Doom. On T:1246 you reached level 1 of The Gnomish Mines. On T:1250 you advanced to experience level 3. Score breakdown: Gold: 240 ( 8102 points) Experience: 3 levels ( 7878 points) Exploration: 5 levels ( 10.64%) ( 8846 points) Discoveries: 2 items ( 0.69%) ( 2495 points) Valuables value: (no points given unless you survive) Artifact value: 0 ( 0 points) Variety of kills: 12 monsters ( 3.16%) ( 5331 points) Turncount: 1278 turns ( 0 points) Survival: died (score multiplied by 80%) Total score: 26121 Latest messages: You are hit by a crossbow bolt. [2 turns] The gnome king reads an uncursed scroll labeled ZELGO MER! It must be an uncursed scroll of create monster. The gnome swings her crossbow at you. The gnome hits! You slow down under the floating eye's gaze. [2 turns] You kill the gnome! The gnome king picks up a gem from the floor. [2 turns] The gnome king hurls a blessed black potion! The phial crashes on your head and breaks into shards. Something seems to be holding you. It must be a blessed potion of paralysis. The gnome king picks up a few weapons from the floor. You can move again. The gnome king hits! [6 turns] [2 turns] The gnome king hits! You die... Final status: Goodbye Mourne the Priest, killed by a gnome king... You died in The Gnomish Mines on dungeon level 5 with 26121 points, and 240 pieces of gold, after 1278 moves. You were level 3 with a maximum of 22 hit points when you died.